AoeStats
← chuvaksakhalin

Hideout

508779211Analyzed
1v1 RM · 10d ago on Sep 24, 2026· 38m 39s· 2 players
Game mode
Random Map
Map size
Tiny (2 player)
Population
200
Speed
Normal
Resources
Standard
Victory
Conquest
Starting age
Dark Age
Ending age
Imperial Age
RankedLock teamsTeams togetherTeam positionsShared explorationLock speedFull tech treeHidden civsTurbo modeCheats
Victory
Defeat
🇰🇿 Bulgarians · Kazakhstan
673
+15
🇺🇸 Teutons · United States
652
-15
Ty Lenol
10:00 Feudal Age
10:18 Man-at-Arms
11:01 Double-Bit Axe
13:45 Scale Mail Armor
14:16 Fletching
27:20 Loom
37:49 Castle Age
chuvaksakhalin
10:06 Feudal Age
11:57 Arson
25:23 Castle Age
Connection lost

Rejoining the realm…

Still unreachable

The connection could not be restored.

Session expired

The server has moved on; the page needs a fresh start.